TOP OF THE 1ST |
Iowa Hawkeyes batting - Pitching for Texas Longhorns : RHP Sherwood Bailey
|
Pitching: RHP Sherwood Bailey
|
|
Batting: SHB Travis Martin
|
0-0: Ball 1-0: Called Strike 1-1: SINGLE (Line Drive, 4M)
|
Batting: RHB Daryl Hale
|
0-0: Ball 1-0: Fly out, F8 (Flyball, 78D)
|
Batting: RHB Kelsey Scott
|
0-0: Called Strike Travis Martin is caught stealing 2nd base 0-1: Called Strike 0-2: Ball 1-2: SOLO HOME RUN (Line Drive, 89XD), Distance : 374 ft
|
Batting: RHB Ed Nygaard
|
0-0: Ball 1-0: Called Strike 1-1: Ground out 5-3 (Groundball, 5L)
|
Top of the 1st over - 1 run(s), 2 hit(s), 0 error(s), 0 left on base; Iowa 1 - Texas 0 |
BOTTOM OF THE 1ST |
Texas Longhorns batting - Pitching for Iowa Hawkeyes : RHP Denny Griffin
|
Pitching: RHP Denny Griffin
|
|
Batting: SHB Randy Anderson
|
0-0: Called Strike 0-1: Ball 1-1: Ball 2-1: SOLO HOME RUN (Line Drive, 9D), Distance : 363 ft
|
Batting: RHB Joe Maynard
|
0-0: Swinging Strike 0-1: Ground out 1-3 (Groundball, 13S)
|
Batting: RHB Joe Rogers
|
0-0: Fly out, F9 (Flyball, 89M)
|
Batting: SHB Ángel González
|
0-0: Called Strike 0-1: Foul Ball, location: 2F 0-2: Foul Ball, location: 2F 0-2: Strikes out swinging
|
Bottom of the 1st over - 1 run(s), 1 hit(s), 0 error(s), 0 left on base; Iowa 1 - Texas 1 |
TOP OF THE 2ND |
Iowa Hawkeyes batting - Pitching for Texas Longhorns : RHP Sherwood Bailey
|
Batting: RHB Alexander Barr
|
0-0: Foul Ball, location: 2F 0-1: Foul Ball, location: 2F 0-2: Strikes out looking
|
Batting: RHB Juan Escalante
|
0-0: Ball 1-0: Ground out 4-3 (Groundball, 4M)
|
Batting: RHB Vincent Powers
|
0-0: Called Strike 0-1: Called Strike 0-2: Strikes out swinging
|
Top of the 2nd over - 0 run(s), 0 hit(s), 0 error(s), 0 left on base; Iowa 1 - Texas 1 |
BOTTOM OF THE 2ND |
Texas Longhorns batting - Pitching for Iowa Hawkeyes : RHP Denny Griffin
|
Batting: RHB Eugene Salazar
|
0-0: Swinging Strike 0-1: Ball 1-1: Called Strike 1-2: SOLO HOME RUN (Flyball, 7LD), Distance : 321 ft
|
Batting: RHB Edmond Magee
|
0-0: Foul Ball, location: 2F 0-1: Ball 1-1: Ball 2-1: Ground out 3-1 (Groundball, 34S)
|
Batting: LHB Arlen Powers
|
0-0: Called Strike 0-1: Ball 1-1: Foul Ball, location: 2F 1-2: Ball 2-2: Foul Ball, location: 2F 2-2: Foul Ball, location: 2F 2-2: Foul Ball, location: 2F 2-2: Ball 3-2: Strikes out swinging
|
Batting: RHB Roberto Hernández
|
0-0: Ball 1-0: Ball 2-0: Fly out, F8 (Line Drive, 8LM)
|
Bottom of the 2nd over - 1 run(s), 1 hit(s), 0 error(s), 0 left on base; Iowa 1 - Texas 2 |
TOP OF THE 3RD |
Iowa Hawkeyes batting - Pitching for Texas Longhorns : RHP Sherwood Bailey
|
Batting: RHB John Boyer
|
0-0: Called Strike 0-1: Ball 1-1: Ground out 6-3 (Groundball, 6M)
|
Batting: RHB Mike Russell
|
0-0: Called Strike 0-1: Ball 1-1: Ball 2-1: Ball 3-1: Base on Balls
|
Batting: SHB Travis Martin
|
0-0: Ball 1-0: Called Strike 1-1: Foul Ball, location: 2F 1-2: Ball 2-2: Fly out, F8 (Flyball, 8LM)
|
Batting: RHB Daryl Hale
|
0-0: Ground out 6-3 (Groundball, 6)
|
Top of the 3rd over - 0 run(s), 0 hit(s), 0 error(s), 1 left on base; Iowa 1 - Texas 2 |
BOTTOM OF THE 3RD |
Texas Longhorns batting - Pitching for Iowa Hawkeyes : RHP Denny Griffin
|
Batting: LHB Dave Tucker
|
0-0: Ball 1-0: Ball 2-0: Ball 3-0: Called Strike 3-1: Base on Balls
|
Batting: SHB Randy Anderson
|
0-0: Swinging Strike 0-1: Ball 1-1: Ball 2-1: Ball 3-1: Called Strike 3-2: Strikes out swinging
|
Batting: RHB Joe Maynard
|
0-0: SINGLE (Line Drive, 34D) Dave Tucker to second
|
Batting: RHB Joe Rogers
|
0-0: Ball 1-0: Ball 2-0: Ball 3-0: Base on Balls Dave Tucker to third Joe Maynard to second
|
Batting: SHB Ángel González
|
0-0: Ball 1-0: Fly out, F5 (Popup, 5F)
|
Batting: RHB Eugene Salazar
|
0-0: Ball 1-0: Foul Ball, location: 2F 1-1: Ball 2-1: Swinging Strike 2-2: Fly out, F6 (Line Drive, 6)
|
Bottom of the 3rd over - 0 run(s), 1 hit(s), 0 error(s), 3 left on base; Iowa 1 - Texas 2 |
TOP OF THE 4TH |
Iowa Hawkeyes batting - Pitching for Texas Longhorns : RHP Sherwood Bailey
|
Batting: RHB Kelsey Scott
|
0-0: Called Strike 0-1: Ball 1-1: Swinging Strike 1-2: Ball 2-2: Foul Ball, location: 2F 2-2: Ball 3-2: Base on Balls
|
Batting: RHB Ed Nygaard
|
0-0: Called Strike 0-1: Ball 1-1: Foul Ball, location: 2F 1-2: Foul Ball, location: 2F 1-2: Strikes out swinging
|
Batting: RHB Alexander Barr
|
0-0: Ball 1-0: Called Strike 1-1: 2-RUN HOME RUN (Flyball, 7D), Distance : 357 ft
|
Batting: RHB Juan Escalante
|
0-0: Called Strike 0-1: Called Strike 0-2: Ground out 5-3 (Groundball, 5)
|
Batting: RHB Vincent Powers
|
0-0: Ball 1-0: Foul Ball, location: 2F 1-1: Ball 2-1: Ball 3-1: Called Strike 3-2: Base on Balls
|
Batting: RHB John Boyer
|
0-0: Foul Ball, location: 2F 0-1: Foul Ball, location: 2F 0-2: Ball 1-2: Ball 2-2: SINGLE (Flyball, 78S) Vincent Powers to second
|
Batting: RHB Mike Russell
|
0-0: Ball John Boyer is caught stealing 2nd base
|
Top of the 4th over - 2 run(s), 2 hit(s), 0 error(s), 0 left on base; Iowa 3 - Texas 2 |
BOTTOM OF THE 4TH |
Texas Longhorns batting - Pitching for Iowa Hawkeyes : RHP Denny Griffin
|
Batting: RHB Edmond Magee
|
0-0: Ball 1-0: Foul Ball, location: 2F 1-1: SINGLE (Groundball, 5D)
|
Batting: LHB Arlen Powers
|
0-0: Ball 1-0: Ball 2-0: Ball 3-0: Base on Balls Edmond Magee to second
|
Batting: RHB Roberto Hernández
|
0-0: Foul Ball, location: 2F 0-1: Swinging Strike 0-2: Ball 1-2: Fly out, F3 (Popup, 3F)
|
Batting: LHB Dave Tucker
|
0-0: Ball 1-0: Called Strike 1-1: Ball 2-1: Ball 3-1: Base on Balls Edmond Magee to third Arlen Powers to second
|
Batting: SHB Randy Anderson
|
0-0: Foul Ball, location: 2F 0-1: Ball 1-1: Ball 2-1: Called Strike 2-2: Fly out, F8 (Flyball, 8LM) Runner from 3rd tags up, SCORES, throw made
|
Batting: RHB Joe Maynard
|
0-0: Called Strike 0-1: Called Strike 0-2: Foul Ball, location: 2F 0-2: Strikes out swinging
|
Bottom of the 4th over - 1 run(s), 1 hit(s), 0 error(s), 2 left on base; Iowa 3 - Texas 3 |
TOP OF THE 5TH |
Iowa Hawkeyes batting - Pitching for Texas Longhorns : RHP Sherwood Bailey
|
Batting: RHB Mike Russell
|
0-0: Foul Ball, location: 2F 0-1: Ball 1-1: Ball 2-1: Swinging Strike 2-2: Ball 3-2: Foul Ball, location: 2F 3-2: Strikes out swinging
|
Batting: SHB Travis Martin
|
0-0: Ball 1-0: Called Strike 1-1: Foul Ball, location: 2F 1-2: Fly out, F3 (Popup, 3SF)
|
Batting: RHB Daryl Hale
|
0-0: Ground out 6-3 (Groundball, 6M)
|
Top of the 5th over - 0 run(s), 0 hit(s), 0 error(s), 0 left on base; Iowa 3 - Texas 3 |
BOTTOM OF THE 5TH |
Texas Longhorns batting - Pitching for Iowa Hawkeyes : RHP Denny Griffin
|
Batting: RHB Joe Rogers
|
0-0: Swinging Strike 0-1: Swinging Strike 0-2: Ball 1-2: Foul Ball, location: 2F 1-2: Ball 2-2: Strikes out swinging
|
Pitching: LHP Johnny Clark
|
|
Batting: SHB Ángel González
|
0-0: Called Strike 0-1: Foul Ball, location: 2F 0-2: Ball 1-2: Ball 2-2: Foul Ball, location: 2F 2-2: Ball 3-2: Strikes out swinging
|
Batting: RHB Eugene Salazar
|
0-0: Ball 1-0: Ball 2-0: Ball 3-0: Called Strike 3-1: Base on Balls
|
Batting: RHB Edmond Magee
|
0-0: Ball 1-0: Called Strike 1-1: Ball Wild Pitch! Eugene Salazar to second 2-1: Called Strike 2-2: Strikes out swinging
|
Bottom of the 5th over - 0 run(s), 0 hit(s), 0 error(s), 1 left on base; Iowa 3 - Texas 3 |
TOP OF THE 6TH |
Iowa Hawkeyes batting - Pitching for Texas Longhorns : RHP Sherwood Bailey
|
Batting: RHB Kelsey Scott
|
0-0: Called Strike 0-1: Foul Ball, location: 2F 0-2: Fly out, F9 (Flyball, 9S)
|
Batting: RHB Ed Nygaard
|
0-0: Ball 1-0: Ball 2-0: Foul Ball, location: 2F 2-1: SINGLE (Groundball, 23) (infield hit)
|
Pitching: RHP Shane Thompson
|
|
Batting: RHB Alexander Barr
|
0-0: Called Strike 0-1: Ball 1-1: Ball 2-1: Ball 3-1: Foul Ball, location: 2F 3-2: Base on Balls Ed Nygaard to second
|
Batting: RHB Juan Escalante
|
0-0: Called Strike 0-1: Swinging Strike 0-2: Ball 1-2: Strikes out swinging
|
Batting: RHB Vincent Powers
|
0-0: Ball Wild Pitch! Ed Nygaard to third Alexander Barr to second 1-0: Fly out, F9 (Flyball, 89M)
|
Top of the 6th over - 0 run(s), 1 hit(s), 0 error(s), 2 left on base; Iowa 3 - Texas 3 |
BOTTOM OF THE 6TH |
Texas Longhorns batting - Pitching for Iowa Hawkeyes : LHP Johnny Clark
|
Batting: LHB Arlen Powers
|
0-0: Ball 1-0: Fly out, F5 (Popup, 5L)
|
Batting: RHB Roberto Hernández
|
0-0: Hit by Pitch
|
Batting: LHB Dave Tucker
|
0-0: Ball 1-0: Called Strike 1-1: Foul Ball, location: 2F 1-2: Ball 2-2: Strikes out swinging Roberto Hernández steals 2nd base Batter strikes out.
|
Batting: SHB Randy Anderson
|
0-0: DOUBLE (Flyball, 7D) Roberto Hernández scores
|
Batting: RHB Joe Maynard
|
0-0: Called Strike 0-1: Foul Ball, location: 2F 0-2: Strikes out swinging
|
Bottom of the 6th over - 1 run(s), 1 hit(s), 0 error(s), 1 left on base; Iowa 3 - Texas 4 |
TOP OF THE 7TH |
Iowa Hawkeyes batting - Pitching for Texas Longhorns : RHP Shane Thompson
|
Batting: RHB John Boyer
|
0-0: Foul Ball, location: 2F 0-1: DOUBLE (Flyball, 9M)
|
Batting: RHB Mike Russell
|
0-0: Called Strike 0-1: Ball 1-1: Ball 2-1: Foul Ball, location: 2F 2-2: Foul Ball, location: 2F 2-2: Ball Passed Ball! John Boyer to third 3-2: Foul Ball, location: 2F 3-2: Base on Balls
|
Batting: SHB Travis Martin
|
0-0: Called Strike 0-1: SINGLE (Groundball, 34D) John Boyer scores Mike Russell to second Runner from 2nd tries for 3rd, SAFE, no throw or cutoff
|
Batting: RHB Daryl Hale
|
0-0: Ball 1-0: SINGLE (Groundball, 34D) Mike Russell scores Travis Martin to second Runner from 2nd tries for 3rd, SAFE, throw made to third Daryl Hale to second
|
Batting: RHB Kelsey Scott
|
0-0: Intentional Walk
|
Batting: RHB Ed Nygaard
|
0-0: Ball 1-0: Fly out, F9 (Flyball, 9M) Runner from 3rd tags up, SCORES, no throw
|
Pitching: RHP Collin Thompson
|
|
Batting: RHB Alexander Barr
|
0-0: Called Strike 0-1: Foul Ball, location: 2F 0-2: Ball 1-2: Foul Ball, location: 2F 1-2: Ball 2-2: Strikes out swinging
|
Batting: RHB Juan Escalante
|
0-0: Called Strike 0-1: Foul Ball, location: 2F 0-2: Fielders Choice at 2nd, 5-4 (Groundball, 5)
|
Top of the 7th over - 3 run(s), 3 hit(s), 0 error(s), 1 left on base; Iowa 6 - Texas 4 |
BOTTOM OF THE 7TH |
Texas Longhorns batting - Pitching for Iowa Hawkeyes : LHP Johnny Clark
|
Batting: RHB Joe Rogers
|
0-0: Called Strike 0-1: Ball 1-1: Swinging Strike 1-2: Strikes out swinging
|
Pitching: LHP Peter Connolly
|
|
Batting: SHB Ángel González
|
0-0: Ball 1-0: Foul Ball, location: 2F 1-1: Swinging Strike 1-2: Strikes out swinging
|
Batting: RHB Eugene Salazar
|
0-0: Called Strike 0-1: DOUBLE (Flyball, 89D)
|
Pinch Runner at 2nd John Burton:
|
|
Batting: RHB Edmond Magee
|
0-0: Ground out 6-3 (Groundball, 6)
|
Bottom of the 7th over - 0 run(s), 1 hit(s), 0 error(s), 1 left on base; Iowa 6 - Texas 4 |
TOP OF THE 8TH |
Iowa Hawkeyes batting - Pitching for Texas Longhorns : RHP Collin Thompson
|
Batting: RHB Vincent Powers
|
0-0: Ball 1-0: Ball 2-0: Foul Ball, location: 2F 2-1: Ball 3-1: Foul Ball, location: 2F 3-2: Strikes out looking
|
Batting: RHB John Boyer
|
0-0: Ground out 4-3 (Groundball, 4M)
|
Batting: RHB Mike Russell
|
0-0: Fly out, F9 (Flyball, 9M)
|
Top of the 8th over - 0 run(s), 0 hit(s), 0 error(s), 0 left on base; Iowa 6 - Texas 4 |
BOTTOM OF THE 8TH |
Texas Longhorns batting - Pitching for Iowa Hawkeyes : LHP Peter Connolly
|
Batting: LHB Arlen Powers
|
0-0: Ball 1-0: Ball 2-0: Fly out, F8 (Flyball, 8RM)
|
Batting: RHB Roberto Hernández
|
0-0: Ball 1-0: Fly out, F6 (Line Drive, 6)
|
Batting: LHB Dave Tucker
|
0-0: Foul Ball, location: 2F 0-1: Ball 1-1: Ball 2-1: Swinging Strike 2-2: Ball 3-2: Base on Balls
|
Pitching: LHP Al Atkins
|
|
Batting: SHB Randy Anderson
|
0-0: Ball 1-0: Ball 2-0: Swinging Strike 2-1: Foul Ball, location: 2F 2-2: Strikes out swinging
|
Bottom of the 8th over - 0 run(s), 0 hit(s), 0 error(s), 1 left on base; Iowa 6 - Texas 4 |
TOP OF THE 9TH |
Iowa Hawkeyes batting - Pitching for Texas Longhorns : RHP Collin Thompson
|
Batting: SHB Travis Martin
|
0-0: Called Strike 0-1: Swinging Strike 0-2: Strikes out looking
|
Batting: RHB Daryl Hale
|
0-0: Fly out, F3 (Popup, 9LSF)
|
Batting: RHB Kelsey Scott
|
0-0: Swinging Strike 0-1: Foul Ball, location: 2F 0-2: Strikes out looking
|
Top of the 9th over - 0 run(s), 0 hit(s), 0 error(s), 0 left on base; Iowa 6 - Texas 4 |
BOTTOM OF THE 9TH |
Texas Longhorns batting - Pitching for Iowa Hawkeyes : LHP Al Atkins
|
Pitching: LHP Leonardo Canó
|
|
Batting: RHB Joe Maynard
|
0-0: Foul Ball, location: 2F 0-1: Swinging Strike 0-2: Ball 1-2: Foul Ball, location: 2F 1-2: Strikes out swinging
|
Batting: RHB Joe Rogers
|
0-0: Called Strike 0-1: Ball 1-1: Fly out, F9 (Flyball, 9M)
|
Batting: SHB Ángel González
|
0-0: Ball 1-0: Called Strike 1-1: Called Strike 1-2: Foul Ball, location: 2F 1-2: Ball 2-2: Ball 3-2: Fly out, F8 (Flyball, 8RM)
|
Bottom of the 9th over - 0 run(s), 0 hit(s), 0 error(s), 0 left on base; Iowa 6 - Texas 4 |
|